 Dungeon Crawl Stone Soup version 0.31-a0-188-g5e087ee2ca (webtiles) character file.

Game seed: 6217659770497032562

60 LnG the Caller (level 4, -1/24 HPs)
             Began as a Kobold Summoner on June 23, 2023.
             Killed from afar by Sigmund (9 damage)
             ... with a puff of flame
             ... on level 2 of the Dungeon.
             The game lasted 00:05:02 (1312 turns).

LnG the Caller (Kobold Summoner)                    Turns: 1312, Time: 00:05:03

Health: -1/24      AC:  2    Str:  5    XL:     4   Next: 25%
Magic:  4/8        EV: 15    Int: 18    God:
Gold:   98         SH:  0    Dex: 15    Spells: 3/9 levels left

rFire   . . .        g - +0 dagger
rCold   . . .        (no shield)
rNeg    . . .        a - +0 robe
rPois   .            (no helmet)
rElec   .            (no cloak)
rCorr   .            (no gloves)
SInv    .            (no boots)
Will    .....        (no amulet)
Stlth   ++++         (no ring)
HPRegen 0.24/turn    (no ring)
MPRegen 0.11/turn

%: no passive effects
@: no status effects
A: small, no large weapons, nightstalker 3
a: no special abilities


You were on level 2 of the Dungeon.
You visited 1 branch of the dungeon, and saw 2 of its levels.

You collected 98 gold pieces.

Inventory:

Hand Weapons
 g - a +0 dagger (weapon)
Armour
 a - a +0 robe (worn)
Scrolls
 c - a scroll of immolation {unknown}
 d - a scroll of brand weapon {unknown}
 f - a scroll of revelation {unknown}
 i - a scroll of amnesia {unknown}
 j - 2 scrolls of identify {unknown}
 k - a scroll of enchant weapon {unknown}
 l - a scroll of blinking {unknown}
Potions
 b - a potion of magic
 e - a potion of curing {unknown}
 h - a potion of heal wounds {unknown}


   Skills:
 + Level 0.4 Fighting
 + Level 0.4 Short Blades
 * Level 2.6 Dodging
 * Level 3.7 Stealth
 + Level 3.1 Spellcasting
 + Level 4.4 Summonings


You had 3 spell levels left.
You knew the following spells:

 Your Spells              Type           Power      Damage    Failure   Level
a - Summon Small Mammal   Summ           72%        N/A       2%          1
b - Call Imp              Summ           36%        N/A       4%          2
c - Call Canine Familiar  Summ           18%        N/A       8%          3

Your spell library contained the following spells:

 Spells                   Type           Power      Damage    Failure   Level
 Summon Guardian Golem    Hex/Summ       10%        N/A       19%         3
 Gell's Gravitas          Tloc           2%         N/A       43%         3
 Teleport Other           Tloc           2%         N/A       43%         3
 Summon Lightning Spire   Summ/Air       10%        N/A       54%         4
 Dispersal                Tloc           1%         N/A       100%        6


Dungeon Overview and Level Annotations

Branches:
Dungeon (2/15)

Altars:

Shops:
D:1 [

Annotations:
D:2 Sigmund


Innate Abilities, Weirdness & Mutations

You are small and have problems with some larger weapons.
You are completely attuned to the shadows.


Message History

A tiny devil pulls itself out of the air.
Sigmund casts a spell at you. The magic dart hits your hound!
A giant cockroach comes into view.
Your hound bites Sigmund.
Sigmund closely misses you.
Your cerulean imp closely misses Sigmund.
Your hound closely misses Sigmund.
Your hound closely misses Sigmund.
Sigmund barely misses you.
Your cerulean imp barely misses Sigmund.
You hit Sigmund but do no damage.
Sigmund is moderately wounded.
Your hound closely misses Sigmund.
Your cerulean imp barely misses Sigmund.
The giant cockroach misses your cerulean imp.
Your hound completely misses Sigmund.
You hit Sigmund.
Sigmund is moderately wounded.
Sigmund hits you with a +0 scythe!
Your hound bites Sigmund.
The giant cockroach closely misses your cerulean imp.
Your cerulean imp hits Sigmund from afar with a -3 spear.
You closely miss Sigmund.
Sigmund is heavily wounded.
Your hound bites Sigmund.
The giant cockroach bites your cerulean imp but does no damage.
Sigmund casts a spell at you. The puff of flame hits you!
* * * LOW HITPOINT WARNING * * *
Your hound barely misses Sigmund.
Your cerulean imp misses Sigmund.
Your hound bites Sigmund.
Sigmund closely misses your hound.
Unknown command.
Your cerulean imp hits Sigmund from afar with a -3 spear.
Your hound bites Sigmund.
You hit the giant cockroach.
The giant cockroach is heavily wounded.
Your hound bites Sigmund.
Your cerulean imp barely misses Sigmund.
The giant cockroach barely misses you.
Sigmund gestures at your hound while chanting.
The puff of flame misses your hound. The puff of flame hits you!
You die...

#.##.#....###.###
. ##.#...........
..) ......†.#...##
...###
###.....#...#
......
#...†.##..##
....#.
##....##...##
......
#....##....###
...#.#
#....##......###.
...#..
#....##.#.@B.(...
#####.
#....##.#........
.....
...........h.5##..
.....
######.#..#.@..# .
..... ...##...>#
..... .## ######
..... ..... ....
#...


You could see Sigmund (distracted, ally target), a giant cockroach, a friendly
hound (summoned) and a friendly cerulean imp (summoned).

Vanquished Creatures
  An adder (D:2)
  4 dart slugs (D:2)
  2 giant cockroaches
  2 goblins (D:1)
  A hobgoblin (D:1)
  A jackal (D:1)
  A quokka (D:2)
  A ball python (D:1)
  3 bats (D:2)
  A kobold (D:1)
  A rat (D:2)
18 creatures vanquished.

Vanquished Creatures (collateral kills)
  2 dart slugs
  3 endoplasms (D:1)
  A giant cockroach (D:1)
  A hobgoblin (D:1)
  3 jackals (D:1)
  A quokka (D:1)
  5 ball pythons (D:1)
  4 kobolds
20 creatures vanquished.

Grand Total: 38 creatures vanquished

Notes
Turn   | Place    | Note
-------+----------+-------------------------------------------
     0 | D:1      | LnG the Kobold Summoner began the quest for the Orb.
     0 | D:1      | Reached XP level 1. HP: 10/10 MP: 3/3
   282 | D:1      | Reached XP level 2. HP: 7/15 MP: 1/5
   288 | D:1      | Learned a level 2 spell: Call Imp
   478 | D:1      | Found Asoigra's Antique Armour Shop.
   588 | D:1      | Reached XP level 3. HP: 15/19 MP: 4/6
  1062 | D:2      | Noticed Sigmund
  1171 | D:2      | Learned a level 3 spell: Call Canine Familiar
  1219 | D:2      | Reached XP level 4. HP: 24/24 MP: 8/8
  1312 | D:2      | Killed from afar by Sigmund

Illustrated notes

Levels and vault maps discovered:
D:1:      dpeg_arrival_orchard, layout_loops_ring, serial_shops,
          nicolae_shop_just_a_little_nook, serial_glass, glass_columns_a,
          glass_columns_b
D:2:      minmay_roachtagon, layout_rooms, uniq_sigmund

Skill      XL: |  1  2  3 |
---------------+----------+-----
Stealth        | 3 |  3.7
Spellcasting   | 3 |  3.1
Fighting       | |  0.4
Short Blades   | |  0.4
Dodging        | |  2.6
Summonings     | |  4.4

Action                     |  1- 3 |  4- 6 || total
---------------------------+-------+-------++-------
  Melee: Unarmed           |    37 |       ||    37
         Punch             |     2 |       ||     2
         Dagger            |    50 |    19 ||    69
   Cast: Summon Small Mamm |    15 |       ||    15
         Call Imp          |     7 |     1 ||     8
         Call Canine Famil |       |     1 ||     1
   Stab: Sleeping          |     7 |     3 ||    10
 Armour: Robe              |     9 |     4 ||    13
  Dodge: Dodged            |    70 |    22 ||    92

Table legend: (Time is in decaauts)
 A = Elapsed time spent in this place.
 B = Non-inter-level travel time spent in this place.
 C = Inter-level travel time spent in this place.
 D = Time resting spent in this place.
 E = Time spent auto-exploring this place.
 F = Levels seen in this place.
 G = Mean time per level.
                   A        B        C        D        E       F      G
               +--------+--------+--------+--------+--------+-----+--------+
         Total |   1311 |   1295 |     16 |     21 |    912 |   2 |  655.5 |
       Dungeon |   1311 |   1295 |     16 |     21 |    912 |   2 |  655.5 |
               +--------+--------+--------+--------+--------+-----+--------+

Top non-repeatable levels by time:
     D:1: 962 daAuts
     D:2: 349 daAuts
